 Dungeon Crawl Stone Soup version 0.21-a0-297-ga3d34c2 (console) character file.

93 nht the Slinger (level 4, -1/38 HPs)
             Began as a Gnoll Hunter on Sept 28, 2017.
             Slain by an orc (4 damage)
             ... on level 4 of the Dungeon.
             The game lasted 00:02:09 (943 turns).

nht the Slinger (Gnoll Hunter)                       Turns: 943, Time: 00:02:10

Health: -1/38      AC:  3    Str: 15    XL:     4   Next: 62%
Magic:  5/5        EV: 14    Int: 14    God:
Gold:   86         SH:  0    Dex: 15    Spells: 5/5 levels left

rFire    + . .     SeeInvis .   a - +1 hunting sling
rCold    + . .     Gourm    .   (no shield)
rNeg     . . .     Faith    .   c - +0 leather armour
rPois    +         Spirit   .   (no helmet)
rElec    +         Reflect  .   (no cloak)
rCorr    +         Harm     .   (no gloves)
MR       .....     Rnd*Rage +   (no boots)
Stlth    ++........             (no amulet)
HPRegen  0.12/turn              i - ring of flight
MPRegen  0.09/turn              (no ring)

@: resistant, flying, very slightly contaminated, invisible
A: distributed training, fangs 1, berserk 1, low mp 1, mutation resistance 1,
strong nose
a: no special abilities


You were on level 4 of the Dungeon.
You were not hungry.

You visited 1 branch of the dungeon, and saw 3 of its levels.

You collected 86 gold pieces.

Inventory:

Hand Weapons
 a - a +1 hunting sling (weapon)
 b - a +0 short sword
Missiles
 d - 16 sling bullets (quivered)
 o - 48 stones
Armour
 c - a +0 leather armour (worn)
Jewellery
 i - a ring of flight (left hand)
Scrolls
 g - a scroll of random uselessness {unknown}
 h - 2 scrolls of magic mapping {unknown}
 m - a scroll of blinking {unknown}
 p - 3 scrolls of noise {unknown}
 r - a scroll of remove curse {unknown}
 t - a scroll of fear {unknown}
 v - a scroll of enchant weapon {unknown}
Comestibles
 f - 5 bread rations
 k - 2 meat rations
 n - 4 fruits
 u - 6 chunks of flesh


   Skills:
 + Level 4.7 Fighting
 + Level 1.3 Short Blades
 + Level 0.8 Long Blades
 + Level 0.8 Axes
 + Level 0.0 Maces & Flails
 + Level 1.7 Polearms
 + Level 1.3 Staves
 + Level 8.6 Slings
 + Level 1.3 Bows
 + Level 0.8 Crossbows
 + Level 1.7 Throwing
 + Level 0.8 Armour
 + Level 4.5 Dodging
 + Level 3.1 Stealth
   Level 0.0 Stabbing
 + Level 0.8 Shields
   Level 0.0 Traps
 + Level 1.3 Unarmed Combat
 + Level 1.3 Spellcasting
 + Level 0.8 Conjurations
 + Level 1.3 Hexes
 + Level 0.8 Charms
 + Level 1.7 Summonings
 + Level 0.0 Necromancy
 + Level 0.8 Translocations
 + Level 0.8 Transmutations
 + Level 0.8 Fire Magic
 + Level 0.0 Ice Magic
 + Level 0.0 Air Magic
 + Level 1.3 Earth Magic
 + Level 1.7 Poison Magic
 + Level 1.3 Invocations
 + Level 0.8 Evocations


You had 5 spell levels left.
You didn't know any spells.

Dungeon Overview and Level Annotations

Branches:
Dungeon (2/15)

Altars:


Innate Abilities, Weirdness & Mutations

Your experience applies equally to all skills.
You have very sharp teeth.
Your uncanny sense of smell can sniff out nearby items.
You tend to lose your temper in combat.
Your magical capacity is low. (-10% MP)
You are somewhat resistant to further mutation.


Message History

The orc is lightly wounded.
Firing (i - inventory. (,) - cycle):
d - 19 sling bullets (quivered)
Press: ? - help, Shift-Dir - straight line, f/p - orc
Aim: an orc, wielding a club and wearing a leather armour (lightly wounded)
You shoot a sling bullet.
The sling bullet hits the orc but does no damage.
The orc is lightly wounded.
Firing (i - inventory. (,) - cycle):
d - 18 sling bullets (quivered)
Press: ? - help, Shift-Dir - straight line, f/p - orc
Aim: an orc, wielding a club and wearing a leather armour (lightly wounded)
You shoot a sling bullet.
The sling bullet hits the orc but does no damage.
The orc is lightly wounded.
Firing (i - inventory. (,) - cycle):
d - 17 sling bullets (quivered)
Press: ? - help, Shift-Dir - straight line, f/p - orc
Aim: an orc, wielding a club and wearing a leather armour (lightly wounded)
You shoot a sling bullet. The sling bullet hits the orc.
The orc is severely wounded.
The orc hits you.
You die... ∆ ∆ █+█ █████████

█.█ █@o.....█
█.█ █(o.....█
█.█ █(......█
█.█ █.(.....█
███.███)(.....█
█.....█..(....█
∆
█.█.█....(....█
█.█.█..(......+
█.█.█..(......█


You could see 2 orcs.

Vanquished Creatures
  An orc priest (D:4)
  2 adders (D:2)
  An ooze (D:1)
  A worm (D:2)
  3 dart slugs (D:1)
  A leopard gecko (D:1)
  2 orcs (D:4)
  6 bats
  3 giant cockroaches (D:1)
  2 goblins
  6 hobgoblins
  2 kobolds (D:1)
  2 rats (D:1)
32 creatures vanquished.

Notes
Turn   | Place    | Note
-------+----------+-------------------------------------------
     0 | D:1      | nht the Gnoll Hunter began the quest for the Orb.
     0 | D:1      | Reached XP level 1. HP: 20/20 MP: 1/1
    75 | D:1      | Reached skill level 1 in Polearms
   111 | D:1      | Reached XP level 2. HP: 26/26 MP: 3/3
   128 | D:1      | Reached skill level 1 in Unarmed Combat
   176 | D:1      | Reached skill level 1 in Spellcasting
   206 | D:1      | Reached skill level 1 in Summonings
   214 | D:1      | Reached XP level 3. HP: 31/31 MP: 4/4
   248 | D:1      | Reached skill level 1 in Throwing
   421 | D:1      | Reached skill level 1 in Hexes
   853 | D:2      | Reached skill level 1 in Poison Magic
   875 | D:2      | Reached skill level 1 in Bows
   875 | D:2      | Reached skill level 1 in Invocations
   875 | D:2      | Reached XP level 4. HP: 38/38 MP: 5/5
   895 | D:2      | You fall through a shaft for 2 floors!
   926 | D:4      | Gained mutation: Your magical capacity is low. (-10% MP) [potion of mutation]
   926 | D:4      | Gained mutation: You tend to lose your temper in combat. [potion of mutation]
   926 | D:4      | Gained mutation: You are somewhat resistant to further mutation. [potion of mutation]
   938 | D:4      | Reached skill level 1 in Short Blades
   938 | D:4      | Reached skill level 1 in Staves
   938 | D:4      | Reached skill level 1 in Earth Magic
   943 | D:4      | Slain by an orc

Vault maps used:
D:1:      lightli_arrival_farm, moated_statue
D:2:      uniq_terence, uniq_crazy_yiuf_cottage
D:4:      cheibrodos_pilgrimage, zin_scriptorium, uniq_sigmund, uniq_grinder

Skill      XL: |  1  2  3  4 |
---------------+-------------+-----
Polearms       | 1 |  1.7
Unarmed Combat | 1 |  1.3
Spellcasting   | 1 |  1.3
Summonings     | 1 |  1.7
Throwing       | 1 |  1.7
Hexes          | 1 |  1.3
Poison Magic   | 1 |  1.7
Stealth        | 3 |  3.1
Bows           | 1 |  1.3
Invocations    | 1 |  1.3
Short Blades   | 1 |  1.3
Staves         | 1 |  1.3
Earth Magic    | 1 |  1.3
Fighting       | |  4.7
Long Blades    | |  0.8
Axes           | |  0.8
Slings         | |  8.6
Crossbows      | |  0.8
Armour         | |  0.8
Dodging        | |  4.5
Shields        | |  0.8
Conjurations   | |  0.8
Charms         | |  0.8
Translocations | |  0.8
Transmutations | |  0.8
Fire Magic     | |  0.8
Evocations     | |  0.8

Action                   |  1- 3 |  4- 6 || total
-------------------------+-------+-------++-------
 Fire: Hunting sling     |    70 |    22 ||    92
  Use: Potion            |       |     5 ||     5
Armor: Leather armour    |     4 |       ||     4
Dodge: Dodged            |     8 |     2 ||    10

Table legend:
 A = Spawn XP
 B = Non-spawn XP
 C = Spawn XP percentage of total XP
 D = Spawn monster count
 E = Non-spawn monster count
 F = Spawn count percentage of total count
 G = Total turns spent on level
                    A         B        C        D         E        F      G
               +---------+---------+-------+---------+---------+-------+---------
         Total |       0 |     134 |   0.0 |       0 |      32 |   0.0 |   943
               +---------+---------+-------+---------+---------+-------+---------
           D:1 |       0 |      51 |   0.0 |       0 |      23 |   0.0 |   809
           D:2 |       0 |      37 |   0.0 |       0 |       6 |   0.0 |    86
           D:4 |       0 |      46 |   0.0 |       0 |       3 |   0.0 |    48
               +---------+---------+-------+---------+---------+-------+---------
